 Dungeon Crawl Stone Soup version 0.24-a0-397-g73b976d855 (webtiles) character file.

Game seed: 7893015145029904448

16 MrOobling the Sneak (level 2, 0/13 HPs)
             Began as a Spriggan Enchanter on June 4, 2019.
             Slain by a hobgoblin
             ... wielding a +0 club
              (8 damage)
             ... on level 2 of the Dungeon.
             The game lasted 00:02:46 (1189 turns).

MrOobling the Sneak (Spriggan Enchanter)            Turns: 1189, Time: 00:02:47

Health: 0/13       AC:  2    Str:  4    XL:     2   Next: 37%
Magic:  4/7        EV: 18    Int: 16    God:
Gold:   121        SH:  0    Dex: 16    Spells: 4/7 levels left

rFire    . . .     SeeInvis +   a - +1 dagger
rCold    . . .     Gourm    .   (shield restricted)
rNeg     . . .     Faith    .   b - +0 robe
rPois    .         Spirit   .   (helmet restricted)
rElec    .         Reflect  .   (no cloak)
rCorr    .         Harm     .   (gloves unavailable)
MR       .....                  (boots unavailable)
Stlth    +++.......             (no amulet)
HPRegen  0.04/turn              (no ring)
MPRegen  0.10/turn              (no ring)

@: lethally poisoned (0 -> -5), very slightly contaminated, very quick
A: very small, unfitting armour, see invisible, herbivore, speed 3, slow
metabolism 2
a: no special abilities


You were on level 2 of the Dungeon.
You were not hungry.

You visited 1 branch of the dungeon, and saw 2 of its levels.

You collected 121 gold pieces.

Inventory:

Hand Weapons
 a - a +1 dagger (weapon)
Armour
 b - a +0 robe (worn)
Jewellery
 f - an uncursed ring of flight {unknown}
 j - a +3 ring of dexterity {unknown}
 o - a cursed ring of teleportation {unknown}
Scrolls
 c - a scroll of magic mapping {unknown}
 g - 2 scrolls of identify {unknown}
 h - 2 scrolls of remove curse {unknown}
 i - a scroll of fear {unknown}
 k - a scroll of noise {unknown}
 l - a scroll of immolation {unknown}
 m - a scroll of enchant armour {unknown}
 n - a scroll of amnesia {unknown}
Potions
 e - a potion of degeneration {unknown}
Comestibles
 d - a ration


   Skills:
 - Level 1.3 Short Blades
 - Level 3.2 Dodging
 - Level 4.6 Stealth
 + Level 3.1 Spellcasting
 + Level 4.0 Hexes


You had 4 spell levels left.
You knew the following spells:

 Your Spells              Type           Power        Failure   Level  Hunger
a - Corona                Hex            ###....      3%          1    None
b - Ensorcelled Hibernat  Hex/Ice        #.....       12%         2    ##.....

Your spell library contained the following spells:

 Spells                   Type           Power        Failure   Level  Hunger
 Confuse                  Hex            ###.....     11%         3    ###....
 Tukima's Dance           Hex            ###.....     11%         3    ###....
 Dazzling Spray           Conj/Hex       #.....       24%         3    ###....


Dungeon Overview and Level Annotations

Branches:
Dungeon (2/15)

Altars:


Innate Abilities, Weirdness & Mutations

You are very small and have problems with some larger weapons.
You are too small for most types of armour.
You have supernaturally acute eyesight. (SInv)
You are a herbivore.
You cover ground extremely quickly.
You need to consume almost no food.


Message History

You feel a strange surge of energy! The adder bites you.
You are poisoned.
The adder poisons you!
You feel sick.
You feel sick.
The hobgoblin shouts!
The hobgoblin hits you but does no damage.
You hit the hobgoblin but do no damage.
You feel sick. The hobgoblin closely misses you.
You hit the hobgoblin.
The hobgoblin is moderately wounded.
The adder misses you. The hobgoblin completely misses you.
You barely miss the hobgoblin.
The hobgoblin is moderately wounded.
The adder barely misses you.
You closely miss the hobgoblin.
The hobgoblin is moderately wounded.
The adder bites you but does no damage. The hobgoblin hits you with a +0 club!
Ouch! That really hurt!
You die...

#...........# #.#..###......
#............#####.#.#######.##
#...###+#####.)..#.K........
#... #.##.....####### ..
#.##.K#### #.##..## #.##...#
#.##S..# #.##@..# #.##g..#
#.##...# #......# ####...#
#...# #####


You could see an adder, a hobgoblin and a kobold.

Vanquished Creatures
  2 giant cockroaches (D:2)
  4 goblins (D:1)
  3 hobgoblins
  A ball python (D:1)
  2 frilled lizards (D:1)
  A kobold (D:1)
  A rat (D:1)
14 creatures vanquished.

Notes
Turn   | Place    | Note
-------+----------+-------------------------------------------
     0 | D:1      | MrOobling the Spriggan Enchanter began the quest for the
                  | Orb.
     0 | D:1      | Reached XP level 1. HP: 9/9 MP: 5/5
   777 | D:1      | Reached XP level 2. HP: 13/13 MP: 6/6
   781 | D:1      | Learned a level 2 spell: Ensorcelled Hibernation
  1189 | D:2      | Slain by a hobgoblin

Levels and vault maps discovered:
D:1:      minmay_arrival_diagonal_passages, layout_basic,
          minmay_stone_trees_small, minmay_tripent
D:2:      layout_basic, minmay_hexomino_c4

Skill      XL: |  1  2 |
---------------+-------+-----
Spellcasting   | 3 |  3.1
Hexes          | 4 |  4.0
Short Blades   | |  1.3
Dodging        | |  3.2
Stealth        | |  4.6

Action                   || total
-------------------------++-------
Melee: Dagger            ||    81
 Cast: Ensorcelled Hiber ||     2
 Stab: Sleeping          ||     1
Armor: Robe              ||    11
Dodge: Dodged            ||    57

Table legend:
 A = Non-vault XP
 B = Vault XP
 C = Vault XP percentage of total XP
 D = Non-vault monster count
 E = Vault monster count
 F = Vault count percentage of total count
                 A         B        C        D         E       F
            +---------+---------+-------+---------+---------+-------
      Total |      21 |       2 |   8.7 |      12 |       2 |  14.3
            +---------+---------+-------+---------+---------+-------
        D:1 |      15 |       2 |  11.8 |       9 |       2 |  18.2
        D:2 |       6 |       0 |   0.0 |       3 |       0 |   0.0
            +---------+---------+-------+---------+---------+-------
